 Dungeon Crawl Stone Soup version 0.31-a0-204-g7da18cac08 (webtiles) character file.

Game seed: 16082096243386666132

108 qw the Skirmisher (level 4, -3/25 HPs)
             Began as a Deep Elf Hunter on June 27, 2023.
             Slain by Pargi (6 damage)
             ... on level 3 of the Dungeon.
             The game lasted 00:00:39 (2163 turns).

qw the Skirmisher (Deep Elf Hunter)                 Turns: 2163, Time: 00:00:40

Health: -3/25      AC:  3    Str: 10    XL:     4   Next: 58%
Magic:  0/6        EV: 12    Int: 14    God:
Gold:   29         SH:  0    Dex: 18    Spells: 3/3 levels left

rFire   . . .        Y - +2 shortbow
rCold   . . .        (shield currently unavailable)
rNeg    + . .        c - +0 leather armour
rPois   .            (no helmet)
rElec   .            (no cloak)
rCorr   +            (no gloves)
SInv    .            (no boots)
Will    .....        k - amulet of guardian spirit
Stlth   ++           d - ring of positive energy
HPRegen 0.24/turn    m - ring of resist corrosion
MPRegen 0.10/turn

%: guardian spirit
@: about to teleport
A: no striking features
a: no special abilities


You were on level 3 of the Dungeon.
You visited 1 branch of the dungeon, and saw 3 of its levels.

You collected 109 gold pieces.
You spent 80 gold pieces at shops.


   Skills:
 - Level 1.5 Fighting
 + Level 8.0 Ranged Weapons
 - Level 2.4 Dodging
 - Level 1.2 Stealth


You had 3 spell levels left.
You didn't know any spells.
Your spell library was empty.

Inventory:

Hand Weapons
 Y - a +2 shortbow (weapon)
Armour
 c - a +0 leather armour (worn)
 e - a +1 helmet
 g - a +0 scale mail
Jewellery
 d - a ring of positive energy (left hand)
 i - the amulet of Music {Spirit Fragile rF++ rCorr SInv}
   (You found it on level 2 of the Dungeon)

   [amulet of guardian spirit]

   It causes incoming damage to be divided between your reserves of health and
   magic.
   rF:        It greatly protects you from fire.
   SInv:      It lets you see invisible.
   rCorr:     It protects you from acid and corrosion.
   Fragile:   It will be destroyed if unequipped.
 k - an amulet of guardian spirit (around neck)
 m - a ring of resist corrosion (right hand)
Scrolls
 a - a scroll of identify
 p - a scroll of enchant armour
Potions
 f - a potion of attraction {unknown}
 h - a potion of haste {unknown}
 j - a potion of degeneration {unknown}
 l - a potion of lignification {unknown}
 n - a potion of might
 o - a potion of cancellation

Dungeon Overview and Level Annotations

Branches:
Dungeon (3/15)

Altars:
Gozag

Shops:
D:2 !

Annotations:
D:3 Pargi


Message History

The arrow barely misses the giant cockroach.
The giant cockroach barely misses you.
You shoot an arrow. The arrow hits the giant cockroach.
You kill the giant cockroach!
Pargi snarls, "Go!
Away!"
Enter note:
Enter note:
Enter note:
Enter note: You shoot an arrow.
The arrow hits Pargi.
Pargi is lightly wounded.
You shoot an arrow. The arrow barely misses Pargi.
A kobold comes into view.
It is wielding a +0 dagger and quivering poisoned darts.
Pargi bites you! Pargi closely misses you. Pargi claws you.
You shoot an arrow. The kobold shouts!
The arrow hits Pargi but does no damage.
Pargi closely misses you. Pargi misses you. x2
You shoot an arrow. The arrow barely misses Pargi.
Pargi barely misses you. Pargi claws you but does no damage.
Pargi barely misses you.
You shoot an arrow. The arrow hits Pargi!
Pargi is moderately wounded.
Pargi closely misses you. x2; Pargi misses you.
You shoot an arrow. The arrow hits Pargi!
Pargi is heavily wounded.
Pargi bites you. Pargi claws you but does no damage. x2
You shoot an arrow. The arrow barely misses Pargi.
The arrow closely misses the kobold.
Pargi bites you. Pargi misses you. Pargi closely misses you.
You shoot an arrow. The arrow barely misses Pargi.
The arrow closely misses the kobold.
Pargi bites you. Pargi claws you but does no damage. Pargi claws you.
2162 ||| READING scroll of teleportation.
As you read the scroll of teleportation, it crumbles to dust.
You feel strangely unstable. Pargi misses you.
Pargi claws you but does no damage. Pargi claws you.
You shoot an arrow. The arrow barely misses Pargi.
The kobold closely misses you. Pargi bites you!
You die...

.........####.##.#
##.#####.####.##.#
# #...##.##.#
###.##.#... #....#
##+#########..#.
#######.......#
#..#.##
..............#
#..#...
......K@......#
#..###.
......T#.######
#...... .......#.#
##.###. .......#.#
#...+. .......#.#
#####. .......#.#
#. .......#.# #.
.#######.# #. #.#
##


You could see Pargi and a kobold.

Vanquished Creatures
  An orc priest (D:3)
  Jessica (D:2)
  A dart slug (D:2)
  3 orcs (D:3)
  5 ball pythons
  3 endoplasms (D:1)
  3 giant cockroaches
  6 goblins
  2 hobgoblins (D:1)
  3 jackals (D:2)
  4 quokkas
  2 bats
  A frilled lizard (D:1)
  6 kobolds
  2 rats (D:2)
43 creatures vanquished.

Notes
Turn   | Place    | Note
-------+----------+-------------------------------------------
     0 | D:1      | qw the Deep Elf Hunter began the quest for the Orb.
     0 | D:1      | Reached XP level 1. HP: 12/12 MP: 3/3
     0 | D:1      | 0 ||| qw: Version: 0.3-a-22-g0ed2b0b
     0 | D:1      | 0 ||| qw: Game counter: 6360
     0 | D:1      | 0 ||| qw: Melee chars always use a shield: true
     0 | D:1      | 0 ||| qw: God list: Okawaru
     0 | D:1      | 0 ||| qw: Allow faded altars: false
     0 | D:1      | 0 ||| qw: Do Orc after clearing Dungeon:15 true
     0 | D:1      | 0 ||| qw: Do second Lair branch before Depths: true
     0 | D:1      | 0 ||| qw: Lair rune preference: random
     0 | D:1      | 0 ||| qw: Goals: Normal
     0 | D:1      | 0 ||| PLANNING D:1-11
   162 | D:1      | Reached XP level 2. HP: 16/16 MP: 4/4
   183 | D:1      | Reached skill level 6 in Ranged Weapons
   300 | D:1      | Found a faded altar of an unknown god.
   892 | D:1      | 892 ||| UPGRADING to ring of positive energy.
   893 | D:1      | 893 ||| READING 2 scrolls labelled NIMAIGG TEFE.
   894 | D:1      | 894 ||| READING scroll labelled ODERPH XEPLYLIT.
   895 | D:1      | 895 ||| READING scroll labelled CIONUIN QIZUS.
   899 | D:1      | 899 ||| READING scroll labelled VOAREM EVIHIZ.
  1000 | D:1      | 1000 ||| DROPPING scroll of butterflies.
  1089 | D:2      | Reached XP level 3. HP: 20/20 MP: 5/5
  1113 | D:2      | Identified the amulet of Music {Spirit Fragile rF++ rCorr
                  | SInv}
  1160 | D:2      | Found an opulent altar of Gozag.
  1207 | D:2      | Reached skill level 7 in Ranged Weapons
  1251 | D:2      | 1251 ||| READING scroll of enchant weapon.
  1251 | D:2      | 1251 ||| ENCHANTING +1 shortbow.
  1490 | D:2      | Found Waaqopiz's Distillery.
  1490 | D:2      | Noticed Jessica
  1498 | D:2      | Killed Jessica
  1499 | D:2      | Reached XP level 4. HP: 25/25 MP: 6/6
  1605 | D:2      | 1605 ||| BUYING potion of cancellation (80 gold).
  1605 | D:2      | Bought a potion of cancellation for 80 gold pieces
  1605 | D:2      | 1605 ||| SHOPLISTING potion of curing (30 gold, have 24).
  1605 | D:2      | 1605 ||| SHOPLISTING potion of haste (100 gold, have 24).
  1605 | D:2      | 1605 ||| SHOPLISTING potion of might (40 gold, have 24).
  1605 | D:2      | 1605 ||| SHOPLISTING potion of resistance (100 gold, have
                  | 24).
  1837 | D:2      | 1837 ||| UPGRADING to amulet of guardian spirit.
  1842 | D:2      | 1842 ||| DROPPING +6 ring of intelligence.
  1843 | D:2      | 1843 ||| UPGRADING to ring of resist corrosion.
  1844 | D:2      | 1844 ||| READING scroll labelled GOINLEMPIM.
  1845 | D:2      | 1845 ||| READING scroll labelled OLOANA XEYDIKK.
  1846 | D:2      | 1846 ||| DRINKING 2 lumpy silvery potions.
  1847 | D:2      | 1847 ||| READING 2 scrolls of identify.
  1847 | D:2      | 1847 ||| IDENTIFYING glowing sapphire potion
  1848 | D:2      | 1848 ||| DROPPING potion of invisibility.
  1982 | D:3      | Reached skill level 8 in Ranged Weapons
  2149 | D:3      | Noticed Pargi
  2161 | D:3      | HP: 5/25 [Pargi (5)]
  2162 | D:3      | 2162 ||| READING scroll of teleportation.
  2163 | D:3      | Slain by Pargi

Levels and vault maps discovered:
D:1:      evilmike_arrival_fibonacci_small, layout_basic,
          dreamdust_ecumenical_altar_hidden_monk_grotto
D:2:      layout_basic, serial_shops, shop, basic_altar, uniq_jessica
D:3:      layout_basic, mainiacjoe_overflow_catwalk_spiral, uniq_terence,
          uniq_pargi

Skill      XL: |  1  2  3  4 |
---------------+-------------+-----
Ranged Weapons | 6 7 8 |  8.0
Fighting       | |  1.5
Dodging        | |  2.4
Stealth        | |  1.2

Action                     |  1- 3 |  4- 6 || total
---------------------------+-------+-------++-------
   Fire: Shortbow          |    90 |    37 ||   127
    Use: Scroll            |     5 |     4 ||     9
         Potion            |       |     1 ||     1
 Armour: Leather armour    |     7 |     7 ||    14
  Dodge: Dodged            |    13 |    17 ||    30

Table legend:
 A = Non-vault XP
 B = Vault XP
 C = Vault XP percentage of total XP
 D = Non-vault monster count
 E = Vault monster count
 F = Vault count percentage of total count
                 A         B        C        D         E       F
            +---------+---------+-------+---------+---------+-------
      Total |     118 |      37 |  23.9 |      42 |       1 |   2.3
            +---------+---------+-------+---------+---------+-------
        D:1 |      37 |       0 |   0.0 |      21 |       0 |   0.0
        D:2 |      28 |      37 |  56.9 |      15 |       1 |   6.2
        D:3 |      53 |       0 |   0.0 |       6 |       0 |   0.0
            +---------+---------+-------+---------+---------+-------
